 Dungeon Crawl Stone Soup version 0.30-b1-2-g02819fbbbe (webtiles) character file.

Game seed: 9632309937023097220

1576 Maffolandro the Conjurer (level 9, 0/57 HPs)
             Began as a Human Wanderer on Dec 23, 2023.
             Was a Follower of Sif Muna.
             Slain by a killer bee (8 damage)
             ... on level 7 of the Dungeon.
             The game lasted 00:26:30 (7247 turns).

Maffolandro the Conjurer (Human Wanderer)           Turns: 7247, Time: 00:26:31

Health: 0/57       AC: 10    Str: 13    XL:     9   Next: 14%
Magic:  18/18      EV: 11    Int: 15    God:    Sif Muna [*.....]
Gold:   341        SH:  0    Dex: 14    Spells: 8/20 levels left

rFire   . . .        a - +2 dagger (venom)
rCold   . . .        (no shield)
rNeg    + . .        K - +2 robe {rN+}
rPois   .            B - +0 helmet
rElec   .            D - +0 cloak
rCorr   .            (no gloves)
SInv    .            (no boots)
Will    .....        (no amulet)
Stlth   ++           n - +4 ring of protection
HPRegen 0.29/turn    (no ring)
MPRegen 0.16/turn

%: no passive effects
@: lethally poisoned (0 -> -7)
A: no striking features
a: Renounce Religion, Channel Magic


You were on level 7 of the Dungeon.
You worshipped Sif Muna.
Sif Muna was aware of your devotion.
You visited 1 branch of the dungeon, and saw 8 of its levels.

You collected 341 gold pieces.

Inventory:

Hand Weapons
 a - a +2 dagger of venom (weapon)
 b - a +2 sling of electrocution
 l - a +0 rapier
Missiles
 f - 5 poisoned darts
 j - 4 curare-tipped darts
 p - 6 boomerangs
Armour
 B - a +0 helmet (worn)
 C - an orb of wrath
 D - a +0 cloak (worn)
 K - a +2 robe of positive energy (worn)
Jewellery
 c - a ring of see invisible
 n - a +4 ring of protection (left hand)
 z - a ring of willpower
Wands
 r - a wand of flame (26)
 I - a wand of roots (8)
Scrolls
 e - 6 scrolls of vulnerability {unknown}
 g - 4 scrolls of enchant weapon {unknown}
 h - 6 scrolls of magic mapping {unknown}
 k - 2 scrolls of fear {unknown}
 o - 2 scrolls of blinking {unknown}
 q - 6 scrolls of identify {unknown}
 s - 3 scrolls of fog {unknown}
 t - a scroll of enchant armour {unknown}
 w - a scroll of butterflies {unknown}
 y - 3 scrolls of teleportation {unknown}
 A - a scroll of torment {unknown}
 F - 2 scrolls of amnesia {unknown}
Potions
 d - a potion of mutation {unknown}
 i - 3 potions of invisibility {unknown}
 m - a potion of might {unknown}
 u - 2 potions of attraction
 v - 3 potions of heal wounds
 x - a potion of flight {unknown}
 E - a potion of degeneration {unknown}
 G - 2 potions of brilliance {unknown}
 H - a potion of magic {unknown}
 J - a potion of curing {unknown}


   Skills:
 - Level 1.0 Stealth
 - Level 1.0 Shields
 - Level 6.0 Spellcasting
 * Level 7.0 Conjurations
 - Level 6.0 Hexes
 - Level 3.0 Transmutations
 - Level 2.0 Air Magic


You had 8 spell levels left.
You knew the following spells:

 Your Spells              Type           Power      Damage    Failure   Level
a - Shock                 Conj/Air       72%        1d7       2%          1
b - Momentum Strike       Conj/Tloc      30%        3d8       5%          2
c - Passwall              Tmut/Erth      7%         N/A       12%         2
d - Mephitic Cloud        Conj/Pois/Air  13%        N/A       13%         3
e - Fulminant Prism       Conj/Hex       12%        3d8       10%         4

Your spell library contained the following spells:

 Spells                   Type           Power      Damage    Failure   Level
 Magic Dart               Conj           100%       1d8       1%          1
 Foxfire                  Conj/Fire      60%        2x1d7     3%          1
 Kiss of Death            Conj/Necr      60%        2d10      3%          1
 Beastly Appendage        Tmut           26%        N/A       4%          1
 Wereblood                Tmut           13%        N/A       6%          2
 Inner Flame              Hex/Fire       13%        N/A       13%         3
 Portal Projectile        Hex/Tloc       26%        N/A       13%         3
 Call Imp                 Summ           8%         N/A       22%         2
 Lesser Beckoning         Tloc           8%         N/A       22%         2
 Leda's Liquefaction      Hex/Erth       6%         N/A       38%         4
 Call Canine Familiar     Summ           4%         N/A       41%         3
 Gell's Gravitas          Tloc           4%         N/A       41%         3
 Ozocubu's Armour         Ice            4%         N/A       41%         3
 Teleport Other           Tloc           4%         N/A       41%         3
 Yara's Violent Unravell  Hex/Tmut       9%         3d6       54%         5
 Enfeeble                 Hex            11%        N/A       100%        7
 Ozocubu's Refrigeration  Ice            2%         4d7       100%        7


Dungeon Overview and Level Annotations

Branches:
Dungeon (8/15)             Temple (0/1) D:7
   Lair: D:8-11

Altars:
Ashenzari
Fedhas
Sif Muna
The Shining One

Shops:
D:6 *

Annotations:
D:1 1 exclusion
D:3 2 transporters, noone's ghost, amateur MiFi
D:6 1 runed translucent door


Message History

You miss the killer bee.
The killer bee is moderately wounded.
You feel sick. The killer bee stings you. The killer bee barely misses you.
The killer bee stings you.
You are more poisoned.
The killer bee poisons you! The killer bee completely misses you.
You hit the killer bee.
The killer bee looks as sick as possible!
The killer bee is severely wounded.
You feel very sick.
You kill the killer bee!
Sif Muna accepts your kill. The killer bee barely misses you.
The killer bee stings you.
Your Conjurations skill increases to level 7!
You completely miss the killer bee.
You feel very sick.
The killer bee stings you but does no damage.
The killer bee closely misses you.
You hit the killer bee.
The killer bee is poisoned.
The killer bee is lightly wounded.
You feel sick.
The killer bee stings you but does no damage.
The killer bee closely misses you.
You closely miss the killer bee.
The killer bee is moderately wounded.
You feel sick. The killer bee misses you. The killer bee stings you!
* * * LOW HITPOINT WARNING * * *
You are more poisoned.
The killer bee poisons you!
You hit the killer bee but do no damage.
The killer bee is heavily wounded.
* * * LOW HITPOINT WARNING * * *
You feel very sick. The killer bee closely misses you.
The killer bee misses you.
Unknown command.
You hit the killer bee.
The killer bee looks even sicker.
The killer bee is severely wounded.
* * * LOW HITPOINT WARNING * * *
You feel sick. The killer bee stings you!
You die...

#.####.##.###.# #.##..# #)#
#.##.###.# ######.# #.#
#........# #.####.# #.##
####'##### #.#..#.# ### #..##
##...## #.)..#.# #..
#...###.....## ###.####.# #.#
.....#.......## ##.#.# ##.# #.#
).<)..........####....###..####..
..............'y@................
..............####...#.####......
.....#.......## ##....# #.###.#
#...###.....## #.#### #.# #.#
#.### ##...## #.# #.# #.# #.#
##'## #.# #.# #.. #.# #.# #.# #.#
### #.# #.# #.# #.#####
#.#######.## #.# #......


You could see a killer bee (very poisoned).

Vanquished Creatures
  Eustachio (D:6)
  A water moccasin (D:7)
  Duvessa (D:6)
  A sky beast (D:7)
  2 phantoms
  A bullfrog (D:7)
  A scorpion (D:5)
  A killer bee (D:7)
  Dowan (D:6)
  4 howler monkeys
  A jelly (D:5)
  3 gnoll boudas
  2 hounds (D:5)
  3 sleepcaps
  An iguana (D:4)
  Ijyb (D:2)
  Robin (D:4)
  5 adders
  15 gnolls
  A worm (D:1)
  A dart slug (D:1)
  4 orcs
  4 endoplasms
  5 giant cockroaches
  8 hobgoblins
  10 jackals
  3 quokkas
  3 ball pythons
  2 bats
  5 frilled lizards
  23 goblins
  6 kobolds
  4 rats
125 creatures vanquished.

Vanquished Creatures (others)
  6 plants (D:3)
6 creatures vanquished.

Grand Total: 131 creatures vanquished

Notes
Turn   | Place    | Note
-------+----------+-------------------------------------------
     0 | D:1      | Maffolandro the Human Wanderer began the quest for the Orb.
     0 | D:1      | Maffolandro set off with the following items: a +0 dagger,
                  | a potion of attraction, a +0 leather armour, a +0 buckler;
                  | and the following spell memorised: Shock; and the following
                  | spells available to memorise: Wereblood, Momentum Strike,
                  | Passwall, Fulminant Prism.
     0 | D:1      | Reached XP level 1. HP: 13/13 MP: 2/2
   158 | D:1      | Reached XP level 2. HP: 19/19 MP: 1/4
   938 | D:1      | Reached XP level 3. HP: 24/24 MP: 4/6
  1371 | D:2      | Noticed Ijyb
  1677 | D:2      | Learned a level 2 spell: Passwall
  1783 | D:2      | Reached XP level 4. HP: 22/30 MP: 2/7
  1788 | D:2      | Learned a level 4 spell: Fulminant Prism
  1955 | D:2      | Reached skill level 5 in Conjurations
  2148 | D:2      | Killed Ijyb
  2488 | D:3      | Reached XP level 5. HP: 33/35 MP: 8/8
  2808 | D:3      | Identified the +1 spear "Ampaett" {venom, *Slow rPois rCorr
                  | Str+5}
  2832 | D:3      | Found a transporter.
  2833 | D:3      | Found a faded altar of an unknown god.
  3123 | D:3      | Found a transporter.
  3171 | D:3      | Noticed noone's ghost (amateur MiFi)
  3231 | D:4      | Noticed Robin
  3277 | D:4      | Reached skill level 1 in Air Magic
  3277 | D:4      | Killed Robin
  3412 | D:4      | Reached XP level 6. HP: 41/41 MP: 10/10
  3446 | D:4      | Reached skill level 6 in Conjurations
  3455 | D:4      | Learned a level 3 spell: Mephitic Cloud
  3805 | D:4      | Found a glowing golden altar of the Shining One.
  4117 | D:4      | Found a shimmering blue altar of Sif Muna.
  4121 | D:4      | Became a worshipper of Sif Muna the Loreminder
  4128 | D:4      | Got Sif Muna's Precepts of the Switch
  4130 | D:4      | Got Sif Muna's Compilation of Fever
  4133 | D:4      | Got Sif Muna's Meditations on Sinister Arts
  4247 | D:5      | Entered Level 5 of the Dungeon
  4277 | D:5      | Reached XP level 7. HP: 41/46 MP: 10/13
  4432 | D:5      | Learned a level 2 spell: Momentum Strike
  4886 | D:5      | Reached skill level 5 in Spellcasting
  5137 | D:6      | Noticed Dowan
  5138 | D:6      | Noticed Duvessa
  5147 | D:5      | Reached XP level 8. HP: 47/52 MP: 16/16
  5302 | D:6      | Noticed Eustachio
  5327 | D:6      | Killed Eustachio
  5448 | D:6      | Found a blossoming altar of Fedhas.
  5492 | D:6      | Killed Duvessa
  5504 | D:6      | Killed Dowan
  5722 | D:6      | Found a runed translucent door.
  5925 | D:6      | Found Fetzikk's Assorted Antiques.
  5983 | D:6      | Noticed a yak
  5983 | D:6      | Noticed a yak
  5983 | D:6      | Noticed a yak
  5984 | D:6      | Noticed a yak
  5984 | D:6      | Noticed a yak
  6119 | D:7      | Reached skill level 5 in Hexes
  6142 | D:7      | Found a staircase to the Ecumenical Temple.
  6688 | D:6      | Reached * piety under Sif Muna
  6848 | D:7      | Reached XP level 9. HP: 26/57 MP: 6/18
  7010 | D:7      | Found a broken altar of Ashenzari.
  7243 | D:7      | Reached skill level 7 in Conjurations
  7247 | D:7      | Slain by a killer bee

Illustrated notes

Levels and vault maps discovered:
D:1:      lightli_arrival_flooded_house, layout_loops_ring,
          wander_ebering_terrifying_dragon_lair
D:2:      kennysheep_the_goblin_king, layout_rooms,
          chequers_serial_rivers_marsh, chequers_serial_rivers_micro_a,
          minmay_tromino_v2
D:3:      layout_loops_ring, basic_ecumenical_altar,
          gammafunk_ghost_gnarly_gnolls, minmay_misc_feat_ornament
D:4:      layout_loops_ring, nicolae_sif_muna_little_library, lemuel_tele_altar,
          uniq_robin
D:5:      layout_basic, amcnicky_mini_corridor_feature
D:6:      layout_basic, amcnicky_altar_gilded, serial_shops, shop,
          lightli_church_of_beogh, uniq_duvessa, uniq_eustachio
D:7:      layout_loops_corners, lemuel_round_altar,
          minmay_temple_entry_glassed_door, corexii_checkpoint_a,
          chequers_serial_rivers_micro_c
D:8:      lemuel_slime, layout_rooms, erik_lair_dragon, uniq_grum, uniq_maurice

Skill      XL: |  1  2  3  4  5  6  7  8  9 |
---------------+----------------------------+-----
Spellcasting   | 2 4 5 6 |  6.0
Conjurations   | 5 6 7 |  7.0
Air Magic      | 1 2 |  2.0
Hexes          | 6 |  6.0
Stealth        | |  1.0
Shields        | |  1.0
Transmutations | |  3.0

Action                     |  1- 3 |  4- 6 |  7- 9 || total
---------------------------+-------+-------+-------++-------
  Melee: Dagger            |    29 |    83 |   173 ||   285
         Punch             |       |     2 |     5 ||     7
   Fire: Sling             |       |    92 |    55 ||   147
   Cast: Shock             |    59 |    33 |    13 ||   105
         Passwall          |       |     2 |     1 ||     3
         Momentum Strike   |       |       |     4 ||     4
         Mephitic Cloud    |       |       |     5 ||     5
    Use: Potion            |       |       |     1 ||     1
   Stab: Sleeping          |     1 |       |       ||     1
 Armour: Leather armour    |    19 |    50 |    51 ||   120
         Robe              |       |       |    36 ||    36
  Dodge: Dodged            |    22 |    57 |   111 ||   190
